 Dungeon Crawl Stone Soup version 0.27-a0-1513-g2aaa0cc67b (webtiles) character file.

Game seed: 16352288890458954022

45 bande the Shield-Bearer (level 3, -4/23 HPs)
             Began as a Gargoyle Fighter on July 10, 2021.
             Slain by Robin (6 damage)
             ... on level 2 of the Dungeon.
             The game lasted 00:01:40 (1204 turns).

bande the Shield-Bearer (Gargoyle Fighter)          Turns: 1204, Time: 00:01:41

Health: -4/23      AC: 10    Str: 19    XL:     3   Next: 64%
Magic:  3/3        EV:  7    Int:  8    God:
Gold:   15         SH:  9    Dex: 10    Spells: 2/2 levels left

rFire    . . .     SeeInvis .   a - +0 war axe
rCold    . . .     Faith    .   c - +0 kite shield
rNeg     + . .     Spirit   .   b - +0 scale mail
rPois    ∞         Reflect  .   (no helmet)
rElec    +         Harm     .   (no cloak)
rCorr    .         Rampage  .   (no gloves)
Will     .....                  (no boots)
Stlth    ..........             (no amulet)
HPRegen  0.07/turn              (no ring)
MPRegen  0.08/turn              (no ring)

@: no status effects
A: sickness immunity, AC +3, negative energy resistance 1, electricity
resistance, torment resistance 1, petrification resistance
a: no special abilities


You were on level 2 of the Dungeon.
You visited 1 branch of the dungeon, and saw 2 of its levels.

You collected 15 gold pieces.

Inventory:

Hand Weapons
 a - a +0 war axe (weapon)
Armour
 b - a +0 scale mail (worn)
 c - a +0 kite shield (worn)
Scrolls
 e - a scroll of fog {unknown}
 f - a scroll of summoning {unknown}
Potions
 d - a potion of might
 g - a potion of heal wounds
 h - a potion of invisibility {unknown}


   Skills:
 + Level 3.5 Fighting
 + Level 2.5 Axes
 + Level 3.6 Armour
 + Level 0.4 Dodging
 + Level 3.8 Shields


You had 2 spell levels left.
You didn't know any spells.
Your spell library contained the following spells:

 Spells                   Type           Power      Damage    Failure   Level
 Magic Dart               Conj           0%         1d3       99%         1
 Call Imp                 Summ           0%         N/A       100%        2
 Mephitic Cloud           Conj/Pois/Air  0%         N/A       100%        3


Dungeon Overview and Level Annotations

Branches:
Dungeon (2/15)

Altars:

Annotations:
D:2 Robin


Innate Abilities, Weirdness & Mutations

You are immune to sickness and miasma.
Your stone body is resilient. (AC +3)
You are immune to poison.
You resist negative energy. (rN+)
You are resistant to electric shocks. (rElec)
You are resistant to unholy torment.
You are immune to petrification.


Message History

You block the goblin's attack. x2; The goblin hits you but does no damage.
The goblin hits you with a +0 club.
Unknown command.
Your shield prevents you from hitting the goblin.
You hit the goblin.
You kill the goblin!
You block the goblin's attack.
Robin says, "Duck!"
Robin throws the goblin at you!
You barely miss the goblin. You closely miss the goblin.
The goblin no longer looks unusually strong.
The goblin hits you but does no damage. x2; Robin throws the goblin at you!
The goblin hits you but does no damage. x2; You block the goblin's attack.
Unknown command.
You hit the goblin.
You kill the goblin!
You hit the goblin. You slash the goblin!
You kill the goblin!
You block the goblin's attack. The adder barely misses you.
You miss the adder. You miss the goblin. You block the adder's attack.
The goblin hits you with a +0 club. You block the adder's attack.
The goblin hits you with a +0 club.
Unknown command.
You miss the adder. You barely miss the goblin. You block the adder's attack.
The goblin barely misses you. The adder bites you but does no damage.
Your shield and scale mail prevent you from hitting the adder.
You slash the goblin!
You kill the goblin!
You block the adder's attack. x2
Unknown command.
You slash the adder!
You kill the adder!
You block Robin's attack.
Your scale mail prevents you from hitting Robin.
Robin hits you with a +0 mace!
* * * LOW HITPOINT WARNING * * *
You closely miss Robin.
Robin says, "Bow before me, strongest of all the hobgoblins!"
Robin hits you but does no damage. Robin hits you with a +0 mace.
You die...

..# #....#.......
#.# #.##.#)######
#.# #.#...)......
#.# #.#..#.######
### #.# #.#..#.#
...#.# #.#..#.#
#####.#.####.####.#
......)).....# #.#
###.#.#@###..# #.#
# #g###..# #.#
#.)##### #.)....#
#.#...#.# .....#..#
###.#...# ..... .
.#.


You could see Robin.

Vanquished Creatures
  An adder (D:2)
  A dart slug (D:1)
  2 bats
  An endoplasm (D:1)
  A giant cockroach (D:1)
  12 goblins
  2 hobgoblins
  3 jackals (D:1)
  3 kobolds
  2 ball pythons
  2 frilled lizards (D:1)
30 creatures vanquished.

Notes
Turn   | Place    | Note
-------+----------+-------------------------------------------
     0 | D:1      | bande the Gargoyle Fighter began the quest for the Orb.
     0 | D:1      | Reached XP level 1. HP: 14/14 MP: 1/1
   430 | D:1      | Reached XP level 2. HP: 18/19 MP: 2/2
  1170 | D:2      | Reached XP level 3. HP: 23/23 MP: 3/3
  1178 | D:2      | Noticed Robin
  1204 | D:2      | Slain by Robin

Illustrated notes

Levels and vault maps discovered:
D:1:      dpeg_arrival_court, layout_loops_corners
D:2:      layout_basic, hangedman_decor_diamond_cutter, uniq_robin

Skill      XL: |  1 |
---------------+----+-----
Axes           | 2 |  2.5
Fighting       | |  3.5
Armour         | |  3.6
Dodging        | |  0.4
Shields        | |  3.8

Action                   || total
-------------------------++-------
Melee: War axe           ||    91
  Use: Scroll            ||     3
Armor: Scale mail        ||    79
Dodge: Dodged            ||    42
Block: Kite shield       ||    66

Table legend: (Time is in decaauts)
 A = Elapsed time spent in this place.
 B = Non-inter-level travel time spent in this place.
 C = Inter-level travel time spent in this place.
 D = Time resting spent in this place.
 E = Time spent auto-exploring this place.
 F = Levels seen in this place.
 G = Mean time per level.
                   A        B        C        D        E       F      G
               +--------+--------+--------+--------+--------+-----+--------+
         Total |   1259 |   1218 |     41 |      0 |    964 |   2 |  629.5 |
       Dungeon |   1259 |   1218 |     41 |      0 |    964 |   2 |  629.5 |
               +--------+--------+--------+--------+--------+-----+--------+

Top non-repeatable levels by time:
     D:1: 1095 daAuts
     D:2: 164 daAuts
